Match 22864594
Unlisted

Match 22864594
End
Construct Infanterie Kompanie
Selects Luftwaffe Battlegroup
Selects Luftwaffe Pioneer Support
Fallschirmpioneer Squad Paradrop
MG 42 Machine Gun Team
Grenadier Squad
Sniper
Construct Panzergrenadier Kompanie
MG 42 Machine Gun Team
Selects Stuka Strafing Run
251 Medium Carrier
Stuka Strafing Run
insanepiglet
风铃
Flobby
Jonatanga
Eber
中國狗比人多
0
0

Comments sign in to comment!

No comments posted yet!